 Dungeon Crawl Stone Soup version 0.18.1-48-g4cf74bf (webtiles) character file.

116 Heedrag the Magician (level 4, -1/24 HPs)
             Began as a Deep Elf Conjurer on July 24, 2016.
             Slain by a phantom (4 damage)
             ... on level 4 of the Dungeon.
             The game lasted 00:06:19 (2406 turns).

Heedrag the Magician (Deep Elf Conjurer)            Turns: 2406, Time: 00:06:20

Health: -1/24      AC:  3    Str:  6    XL:     4   Next: 69%
Magic:  23/23      EV: 12    Int: 20    God:
Gold:   118        SH:  5    Dex: 15    Spells: 3 memorised, 7 levels left

rFire  . . .     SeeInvis .     g - +0 short sword
rCold  . . .     Gourm    .     a - +0 robe
rNeg   . . .     Faith    .     B - +2 buckler
rPois  .         Spirit   .     A - +0 helmet
rElec  .         Dismiss  .     (no cloak)
rCorr  .         Reflect  .     (no gloves)
SustAt .         Harm     .     (no boots)
MR     +....                    (no amulet)
Stlth  ++........               y - ring of magical power
                                x - ring of protection from magic

@: somewhat resistant to hostile enchantments, unstealthy
A: no striking features
a: no special abilities


You were on level 4 of the Dungeon.
You were not hungry.

You visited 1 branch of the dungeon, and saw 4 of its levels.

You collected 118 gold pieces.

Inventory:

Hand Weapons
 g - a +0 short sword (weapon)
Armour
 a - a +0 robe (worn)
 A - a +0 helmet (worn)
 B - a +2 buckler (worn)
Jewellery
 h - an uncursed ring of protection from cold
 k - an uncursed ring of flight
 m - an uncursed ring of protection from fire
 x - a ring of protection from magic (left hand)
 y - a ring of magical power (right hand)
 C - an uncursed ring of wizardry {unknown}
Scrolls
 d - 3 scrolls of teleportation {unknown}
 i - 2 scrolls of remove curse {unknown}
 j - a scroll of immolation {unknown}
 l - a scroll of magic mapping {unknown}
 o - a scroll of amnesia {unknown}
 t - 2 scrolls of identify {unknown}
 u - 3 scrolls of enchant armour {unknown}
 z - 3 scrolls of recharging {unknown}
 D - a scroll of fear {unknown}
Potions
 e - a potion of cure mutation {unknown}
 f - a potion of flight {unknown}
 q - a potion of curing {unknown}
 r - a potion of agility {unknown}
 s - a potion of might {unknown}
 v - a potion of lignification {unknown}
Books
 b - a book of Conjurations

   Spells                             Type                      Level
   a - Magic Dart                     Conjuration                  1
   b - Searing Ray                    Conjuration                  2
   c - Dazzling Spray                 Conjuration/Hexes            3
   d - Fulminant Prism                Conjuration/Hexes            4
   e - Iskenderun's Mystic Blast      Conjuration                  4
   f - Iskenderun's Battlesphere      Conjuration/Charms           5
Comestibles
 c - 5 bread rations
 n - 3 meat rations
 p - a slice of pizza
 w - a beef jerky


   Skills:
 - Level 2.4 Dodging
 - Level 2.4 Stealth
 * Level 6.4 Spellcasting
 - Level 4.3 Conjurations
 - Level 1.3 Evocations


You had 7 spell levels left.
You knew the following spells:

 Your Spells              Type           Power        Failure   Level  Hunger
a - Magic Dart            Conj           ###.         3%          1    None
b - Dazzling Spray        Conj/Hex       ###...       24%         3    ##.....
c - Iskenderun's Mystic   Conj           ###.....     34%         4    ####...


Dungeon Overview and Level Annotations

Branches:
Dungeon (4/15)
 Temple: D:4-7

Altars:
Qazlal

Annotations:
D:3 Grinder


Message History

Tha phantom blinks!
Ye see 'ere a meat ration.
n - 3 meat rations (gain'd 1) Ye op'n tha door.
Thar be an op'n door 'ere.
Tha phantom blinks!
Tha phantom hits ye.
Tha phantom blinks!
Tha phantom blinks! x2
Tha phantom hits ye!
Tha phantom hits ye but does nay damage.
Thar be a stone staircase leadin' down 'ere.
Tha phantom hits ye!
* * * LOW HITPOINT WARNIN'
* * * Ye block tha phantom's attack.
Thar be an op'n door 'ere.
Tha phantom blinks!
Tha phantom misses ye.
Tha phantom misses ye.
Tha phantom hits ye.
Ye die...

############ #######
#..........# ......#
##..........### ......#
#...........'<# ......#
#...........### ......+
+..W.W......#
......#######...@#####'##
.....................>..#
..................##....###.#
..............#+#.##........#
..............#+#.##.....##.#
.......####'##.....#.....#
.......# #.##...#.#.........
.......# #.##...#.....######
.......####.##...##....##...


You could see 2 phantoms.

Vanquished Creatures
  An adder (D:2)
  3 gnolls (D:3)
  A worm (D:2)
  2 dart slugs
  4 giant geckos
  An orc (D:3)
  5 giant cockroaches
  10 goblins
  10 hobgoblins
  7 kobolds
  A ball python skeleton (D:4)
  5 bats
  2 giant newts
  11 rats
63 creatures vanquished.

Notes
Turn   | Place    | Note
--------------------------------------------------------------
     0 | D:1      | Heedrag the Deep Elf Conjurer began the quest for the Orb.
     0 | D:1      | Reached XP level 1. HP: 10/10 MP: 6/6
   257 | D:1      | Reached XP level 2. HP: 15/15 MP: 4/8
   268 | D:1      | Reached skill level 4 in Spellcasting
   489 | D:1      | Reached XP level 3. HP: 19/19 MP: 0/11
   494 | D:1      | Learned a level 3 spell: Dazzling Spray
   678 | D:1      | Reached skill level 5 in Spellcasting
  1492 | D:2      | Reached XP level 4. HP: 24/24 MP: 13/13
  1498 | D:2      | Learned a level 4 spell: Iskenderun's Mystic Blast
  1825 | D:3      | Noticed Grinder
  1891 | D:3      | Reached skill level 6 in Spellcasting
  1921 | D:3      | Reached skill level 1 in Evocations
  2159 | D:4      | Noticed a phantom
  2326 | D:4      | Found a stormy altar of Qazlal.
  2353 | D:4      | Noticed a phantom
  2406 | D:4      | Slain by a phantom

Skill      XL: |  1  2  3  4 |
---------------+-------------+-----
Spellcasting   | 4 5 6 |  6.4
Evocations     | 1 |  1.3
Dodging        | |  2.4
Stealth        | |  2.4
Conjurations   | |  4.3

Action                   |  1- 3 |  4- 6 || total
-------------------------+-------+-------++-------
Melee: Short sword       |     2 |       ||     2
 Cast: Magic Dart        |    88 |    65 ||   153
  Eat: Chunk             |     2 |     2 ||     4
Armor: Robe              |     1 |     1 ||     2
Dodge: Dodged            |     9 |    21 ||    30
Block: Buckler           |       |     1 ||     1
